 Dungeon Crawl Stone Soup version 0.23.2 (webtiles) character file.

Game seed: 4866640128103519622

14443 Fang the Fighter (level 12, -9/120 HPs)
             Began as a Gargoyle Berserker on Apr 10, 2019.
             Was a High Priest of Trog.
             Mangled by a minotaur
             ... wielding the +6 flail of Gallantry {crush, *Noise rPois Dex+2 SInv}
              (19 damage)
             ... in a Gauntlet.
             The game lasted 00:15:53 (10274 turns).

Fang the Fighter (Gargoyle Berserker)              Turns: 10274, Time: 00:15:53

Health: -9/120     AC: 26    Str: 33    XL:     12   Next: 16%
Magic:  12/12      EV: 14    Int:  8    God:    Trog [*****.]
Gold:   642        SH:  0    Dex: 18    Spells: 11/11 levels left

rFire    + . .     SeeInvis .   n - +3 war axe (chop)
rCold    x . .     Gourm    .   (no shield)
rNeg     + . .     Faith    .   y - +0 plate armour
rPois    ∞         Spirit   .   t - +1 helmet
rElec    +         Reflect  .   (no cloak)
rCorr    .         Harm     .   (no gloves)
MR       .....     NoTele   +   (no boots)
Stlth    ..........             B - amulet of Addo {Acrobat Str+2 Dex+4 Stlth+}
HPRegen  0.30/turn              k - ring of fire
MPRegen  0.13/turn              D - +5 ring of dexterity

@: berserking (expiring), very quick
A: negative energy resistance 1, electricity resistance, unbreathing,
petrification resistance, rot immunity, AC +8
a: Berserk, Trog's Hand, Brothers in Arms, Renounce Religion


You were in a Gauntlet.
You worshipped Trog.
Trog was extremely pleased with you.
You were not hungry.

You visited 3 branches of the dungeon, and saw 13 of its levels.
You also visited: Gauntlet.

You collected 642 gold pieces.

Inventory:

Hand Weapons
 a - a +2 war axe
 n - a +3 war axe of chopping (weapon)
 x - a +3 antimagic battleaxe
Armour
 t - a +1 helmet (worn)
 y - a +0 plate armour (worn)
Jewellery
 k - a ring of fire (left hand)
 o - a +2 amulet of reflection
 u - an uncursed amulet of the gourmand
 z - an uncursed amulet of rage
 B - the amulet of Addo (around neck) {Acrobat Str+2 Dex+4 Stlth+}
   (You found it on level 10 of the Dungeon)

   [amulet of the acrobat]

   It helps you evade while moving and waiting.
   It affects your strength (+2).
   It affects your dexterity (+4).
   It makes you more stealthy.
 D - a +5 ring of dexterity (right hand)
 F - an uncursed ring of protection from cold {unknown}
 H - an uncursed ring of resist corrosion {unknown}
 I - a cursed amulet of inaccuracy {unknown}
Wands
 d - a wand of scattershot (7)
 e - a wand of polymorph (8)
 j - a wand of paralysis (1)
 q - a wand of iceblast (10)
 s - a wand of digging (10)
Scrolls
 f - 5 scrolls of remove curse
 p - a scroll of magic mapping
 r - 3 scrolls of teleportation
 C - a scroll of silence {unknown}
 E - 3 scrolls of fear
Potions
 b - a potion of curing
 g - 2 potions of mutation
 h - a potion of agility
 i - 2 potions of heal wounds
 l - a potion of ambrosia
 m - 3 potions of haste
 v - 2 potions of brilliance
 w - 5 potions of might
 A - a potion of invisibility
Comestibles
 c - 28 rations
 G - 5 chunks of flesh


   Skills:
 + Level 11.1 Fighting
 + Level 9.4 Axes
 + Level 10.8 Armour
 + Level 8.4 Dodging


You had 11 spell levels left.
You didn't know any spells.
Your spell library was empty.

Dungeon Overview and Level Annotations

Branches:
Dungeon (10/15)            Temple (1/1) D:4            Lair (2/6) D:10
    Orc (0/2) D:9
  Swamp: Lair:2-4    Shoals: Lair:2-4     Snake: Lair:2-4    Spider: Lair:2-4

Altars:
Dithmenos
Elyvilon
Fedhas
Gozag
Kikubaaqudgha
Okawaru
Qazlal
Ru
Sif Muna
Trog
Uskayaw
Wu Jian
Zin
Beogh

Shops:
D:4 :

Portals:
Trove: D:10 (give horn of Geryon)

Annotations:
D:6 1 runed translucent door
D:9 exclusion: ice statue Gauntlet 6 transporters, 2 runed translucent doors, exclusion: oklob plant


Innate Abilities, Weirdness & Mutations

You are resistant to torment.
Your stone body is resilient. (AC +8)
You are immune to poison.
You resist negative energy. (rN+)
You are resistant to electric shocks. (rElec)
You can survive without breathing.
You are immune to petrification.
You are immune to rotting.


Message History

The minotaur is heavily wounded.
The minotaur hits you with the +6 flail of Gallantry {crush, *Noise rPois Dex+2 SInv}!
The minotaur completely misses you.
You hit the minotaur but do no damage.
The minotaur is heavily wounded.
The minotaur hits you with the +6 flail of Gallantry {crush, *Noise rPois Dex+2 SInv}!!
* * * LOW HITPOINT WARNING * * *
x2 The minotaur completely misses you.
The minotaur blocks your attack.
The minotaur is heavily wounded.
The minotaur blocks your attack.
The minotaur is heavily wounded.
The minotaur barely misses you. The minotaur gores you.
* * * LOW HITPOINT WARNING * * *
The minotaur blocks your attack.
The minotaur is heavily wounded.
The minotaur blocks your attack.
The minotaur is heavily wounded.
The minotaur hits you with the +6 flail of Gallantry {crush, *Noise rPois Dex+2 SInv}!!
You die...

#####≈..#.#
########..###..#.#
#.........##§..#.#
##.##.###..###..##.
#8.........##≈..###
#.....#.#..###..#§#
#########.#.#....#..##.
#8}8)8.8#...#...©#..###
#∩...H@.'(###....#.....
#8[8=8.8#..(#....#.∩...
#########.#.#...©#..###
#.....#.#....#..#p.
#8.........###..#5#
##.##.###..##≈..#.#
#.........###..#©#
########..##≈..#!#
####..#/#


You could see a minotaur.

Vanquished Creatures
  A catoblepas (Gauntlet)
  A two-headed ogre (D:7)
  A queen ant (Gauntlet)
  The ghost of Gonk the Martial Artist, a novice OpTm (D:6)
  Pikel (D:6)
  2 molten gargoyles (Gauntlet)
  A rust devil (Gauntlet)
  A gargoyle (Gauntlet)
  A troll (D:6)
  3 hornets (D:8)
  Grinder (D:3)
  4 hippogriffs
  A wyvern (Lair:2)
  Sigmund (D:3)
  A ynoxinul (Gauntlet)
  Eustachio (D:6)
  2 basilisks (D:10)
  Menkaure (D:4)
  2 hungry ghosts
  Edmund (D:4)
  An acid dragon (D:8)
  4 soldier ants
  A water moccasin (D:7)
  3 porcupines
  2 orc warriors
  An ice beast (D:7)
  2 slaves (D:6)
  5 black bears
  2 phantoms
  7 ogres
  3 wolves (D:10)
  9 centaurs
  A crocodile (D:10)
  A big kobold (D:9)
  8 bullfrogs
  A wyvern zombie (D:10)
  3 scorpions
  A water moccasin skeleton (D:4)
  A killer bee (D:8)
  4 wights (D:8)
  4 howler monkeys
  A centaur zombie (D:8)
  4 crimson imps
  A quasit (D:9)
  2 bullfrog zombies
  A centaur skeleton (D:6)
  4 hounds
  A jelly (D:5)
  A gnoll shaman (D:9)
  4 iron imps (Gauntlet)
  13 orc priests
  A bullfrog skeleton (D:8)
  4 iguanas
  13 orc wizards
  13 worker ants
  2 hound skeletons
  Robin (D:3)
  5 gnolls (D:9)
  11 adders
  A howler monkey skeleton (D:4)
  2 oozes
  5 adder zombies
  An adder skeleton (D:4)
  2 worms
  2 dart slugs (D:1)
  6 leopard geckos
  48 orcs
  5 giant cockroaches
  19 goblins
  9 hobgoblins
  4 jackals (D:8)
  6 quokkas
  2 ball pythons
  8 bats
  8 frilled lizards
  11 kobolds
  A leopard gecko skeleton (D:8)
  A leopard gecko zombie (D:5)
  2 quokka skeletons
  12 rats
  A bush (D:2)
  2 demonic plants (Gauntlet)
  3 plants
335 creatures vanquished.

Vanquished Creatures (collateral kills)
  A hydra (Lair:2)
1 creature vanquished.

Vanquished Creatures (others)
  4 demonic plants (Gauntlet)
  2 fungi (D:10)
  A plant (D:10)
7 creatures vanquished.

Grand Total: 343 creatures vanquished

Notes
Turn   | Place    | Note
-------+----------+-------------------------------------------
     0 | D:1      | Fang the Gargoyle Berserker began the quest for the Orb.
     0 | D:1      | Reached XP level 1. HP: 14/14 MP: 1/1
    48 | D:1      | Reached XP level 2. HP: 19/19 MP: 2/2
   532 | D:2      | Reached XP level 3. HP: 23/23 MP: 3/3
   647 | D:2      | Reached ** piety under Trog
   951 | D:2      | Reached XP level 4. HP: 26/29 MP: 4/4
  1696 | D:3      | Reached skill level 4 in Fighting
  1724 | D:3      | Reached XP level 5. HP: 27/33 MP: 5/5
  1757 | D:3      | Noticed a centaur
  1769 | D:3      | Killed a centaur
  1986 | D:3      | Noticed Robin
  2001 | D:3      | Killed Robin
  2001 | D:3      | Reached XP level 6. HP: 35/39 MP: 6/6
  2078 | D:3      | Noticed Grinder
  2083 | D:3      | Paralysed by Grinder for 3 turns
  2097 | D:3      | Killed Grinder
  2097 | D:3      | Reached skill level 5 in Fighting
  2097 | D:3      | Reached XP level 7. HP: 44/44 MP: 7/7
  2414 | D:3      | Found an ancient bone altar of Kikubaaqudgha.
  2466 | D:3      | Noticed Sigmund
  2489 | D:3      | Killed Sigmund
  2489 | D:3      | Reached *** piety under Trog
  2814 | D:4      | Found Fehadden's Book Shop.
  2911 | D:4      | Reached skill level 5 in Armour
  2919 | D:4      | Noticed Edmund
  2930 | D:4      | Killed Edmund
  2930 | D:4      | Reached XP level 8. HP: 32/51 MP: 8/8
  3059 | D:4      | Reached skill level 6 in Fighting
  3161 | D:4      | Reached skill level 5 in Axes
  3284 | D:4      | Noticed Menkaure
  3290 | D:4      | Killed Menkaure
  3368 | D:4      | Reached **** piety under Trog
  3550 | D:4      | Found a deep blue altar of Sif Muna.
  3630 | D:4      | Found a staircase to the Ecumenical Temple.
  3717 | Temple   | Entered the Ecumenical Temple
  3924 | D:5      | Entered Level 5 of the Dungeon
  4016 | D:5      | Reached XP level 9. HP: 56/56 MP: 9/9
  4042 | D:5      | Reached skill level 7 in Fighting
  4120 | D:5      | Reached skill level 5 in Dodging
  4836 | D:6      | Noticed Pikel
  4848 | D:6      | Killed Pikel
  4899 | D:6      | Found a shadowy altar of Dithmenos.
  4919 | D:6      | Noticed a troll
  4927 | D:6      | Killed a troll
  4927 | D:6      | Reached skill level 8 in Fighting
  5041 | D:6      | Noticed Eustachio
  5077 | D:6      | Killed Eustachio
  5228 | D:6      | Found a runed translucent door.
  5229 | D:6      | Noticed Gonk's ghost (novice OpTm)
  5335 | D:6      | Found a runed translucent door.
  5353 | D:6      | Reached XP level 10. HP: 63/64 MP: 10/10
  5394 | D:6      | Killed Gonk's ghost
  5394 | D:6      | Reached ***** piety under Trog
  5526 | D:7      | Noticed a two-headed ogre
  5536 | D:7      | Killed a two-headed ogre
  5717 | D:7      | Found a hide-covered altar of Uskayaw.
  5757 | D:7      | Reached skill level 9 in Fighting
  5822 | D:7      | Found a stormy altar of Qazlal.
  6384 | D:8      | Found an iron altar of Okawaru.
  6750 | D:8      | Found a glowing silver altar of Zin.
  6946 | D:8      | Received a gift from Trog
  6946 | D:8      | Reached XP level 11. HP: 58/72 MP: 11/11
  7336 | D:9      | Found a staircase to the Orcish Mines.
  7417 | D:9      | Reached skill level 10 in Fighting
  7641 | D:9      | Found a sacrificial altar of Ru.
  7642 | D:9      | Found a white marble altar of Elyvilon.
  8016 | D:9      | Found an opulent altar of Gozag.
  8016 | D:9      | Found a bloodstained altar of Trog.
  8086 | D:9      | Found a blossoming altar of Fedhas.
  8193 | D:10     | Entered Level 10 of the Dungeon
  8397 | D:10     | Found a staircase to the Lair.
  8419 | D:10     | Paralysed by a centaur for 7 turns
  8427 | D:10     | Paralysed by a centaur for 4 turns
  8432 | D:10     | Reached skill level 10 in Armour
  8802 | D:10     | Found a portal to a secret trove of treasure.
  8906 | D:10     | Found a roughly hewn altar of Beogh.
  9048 | D:10     | Got a faintly glowing copper amulet
  9348 | Lair:1   | Entered Level 1 of the Lair of Beasts
  9412 | Lair:1   | Identified the amulet of Addo {Acrobat Str+2 Dex+4 Stlth+}
                  | (You found it on level 10 of the Dungeon)
  9419 | Lair:1   | You fall through a shaft!
  9487 | Lair:2   | Noticed a four-headed hydra
  9497 | Lair:2   | Killed an eight-headed hydra
  9525 | Lair:2   | Found a gate leading to a gauntlet.
  9671 | Gauntlet | Entered a Gauntlet
  9671 | Gauntlet | Found a transporter.
  9671 | Gauntlet | Found a transporter.
  9671 | Gauntlet | Found a transporter.
  9672 | Gauntlet | Found a transporter.
  9672 | Gauntlet | Noticed a queen ant
  9677 | Gauntlet | Found a transporter.
  9684 | Gauntlet | Noticed an oklob plant
  9696 | Gauntlet | Found a transporter.
  9708 | Gauntlet | Found a transporter.
  9711 | Gauntlet | Found a transporter.
  9715 | Gauntlet | Found a runed translucent door.
  9715 | Gauntlet | Found a runed translucent door.
  9715 | Gauntlet | Noticed a wizard
  9715 | Gauntlet | Noticed a wizard
  9719 | Gauntlet | Found a transporter.
  9720 | Gauntlet | Found the ring of the Mage {Wiz MR++ Int+3}
  9735 | Gauntlet | Found a transporter.
  9743 | Gauntlet | Noticed a catoblepas
  9762 | Gauntlet | Found a transporter.
  9763 | Gauntlet | Found a transporter.
  9832 | Gauntlet | Killed a queen ant
  9921 | Gauntlet | Reached XP level 12. HP: 79/79 MP: 12/12
  9993 | Gauntlet | Reached skill level 11 in Fighting
 10104 | Gauntlet | Killed a catoblepas
 10253 | Gauntlet | Identified the +6 flail of Gallantry {crush, *Noise rPois
                  | Dex+2 SInv}
 10253 | Gauntlet | Identified the ring "Quseiran" {Int+3 SInv}
 10253 | Gauntlet | Noticed a minotaur
 10274 | Gauntlet | Mangled by a minotaur

Skill      XL: |  1  2  3  4  5  6  7  8  9 10 11 12 |
---------------+-------------------------------------+-----
Axes           | 3 4 5 6 8 9 |  9.4
Dodging        | 2 3 4 5 7 8 |  8.4
Armour         | 3 4 5 6 7 9 10 | 10.8
Fighting       | 4 5 6 8 9 10 11 | 11.1

Action                   |  1- 3 |  4- 6 |  7- 9 | 10-12 || total
-------------------------+-------+-------+-------+-------++-------
Melee: Hand axe          |   209 |   232 |    62 |       ||   503
       War axe           |       |       |   330 |   510 ||   840
       Halberd           |       |       |       |     2 ||     2
Invok: Berserk           |       |     2 |     5 |    10 ||    17
       Brothers in Arms  |       |       |       |     1 ||     1
  Use: Scroll            |       |       |    10 |    14 ||    24
  Eat: Chunk             |     1 |     5 |    33 |    46 ||    85
Armor: Animal skin       |     7 |       |       |       ||     7
       Chain mail        |    60 |    74 |   259 |   264 ||   657
       Plate armour      |       |       |       |   205 ||   205
Dodge: Dodged            |    59 |    44 |   236 |   356 ||   695
